 Dungeon Crawl Stone Soup version 0.32-a0-132-g2d33c3cfaf (webtiles) character file.

Game seed: 16241274315250245263

6466 SmokeWeed the Thaumaturge (level 11, -1/67 HPs)
             Began as a Djinni Summoner on Feb 10, 2024.
             Was a Believer of Makhleb.
             Slain by a shadow (3 damage)
             ... created by the darkness of Dithmenos
             ... on level 9 of the Dungeon.
             The game lasted 00:46:09 (9131 turns).

SmokeWeed the Thaumaturge (Djinni Summoner)         Turns: 9131, Time: 00:46:10

Health: -1/67      AC: 18    Str:  7    XL:     11   Next: 19%
Gold:   401        EV: 12    Int: 26    God:    Makhleb [**....] SH:  0 Dex: 15

rFire   + + .        M - +2 orcbow (flame)
rCold   . . .        (shield currently unavailable)
rNeg    . . .        J - +4 ring mail {rC+}
rPois   ∞            d - +2 helmet
rElec   .            p - +0 cloak
rCorr   .            (no gloves)
SInv    .            (boots unavailable)
Will    +....        (no amulet)
Stlth   ++           u - +4 ring of protection
HPRegen 0.31/turn    B - +6 ring of intelligence
MPRegen 0.00/turn

%: infuse magic (-2 HP)
@: about to teleport, flying, inugami summoned
A: sickness immunity, fire resistance 2, cold vulnerability 1, float, innate
caster, HP casting, extra vitality 1
a: Renounce Religion, Minor Destruction


You were on level 9 of the Dungeon.
You worshipped Makhleb.
Makhleb was pleased with you.
You visited 2 branches of the dungeon, and saw 10 of its levels.
You also visited: Bailey.

You collected 401 gold pieces.

Inventory:

Hand Weapons
 b - a +3 trident of draining
 i - a +1 orcbow
 j - a +1 dagger
 n - the +3 whip of Xom's Fury {heavy, rC+ Will+}
   (You found it on level 2 of the Dungeon)

   rC+:       It protects you from cold.
   Will+:     It increases your willpower.
 M - a +2 orcbow of flaming (weapon)
Armour
 a - a +0 robe
 d - a +2 helmet (worn)
 e - a +0 tower shield
 p - a +0 cloak (worn)
 t - a +3 leather armour
 A - a +2 helmet
 E - an orb of guile
 F - a +0 robe
 I - a +2 robe of cold resistance
 J - a +4 ring mail of cold resistance (worn)
Magical Staves
 o - a staff of air
Jewellery
 u - a +4 ring of protection (left hand)
 v - a ring of positive energy
 B - a +6 ring of intelligence (right hand)
 L - a +5 ring of evasion
Wands
 f - a wand of flame (20)
 h - a wand of iceblast (19)
 m - a wand of mindburst (6)
 s - a wand of paralysis (3)
 D - a wand of polymorph (10)
Scrolls
 q - 2 scrolls of fear
 x - a scroll of teleportation
 y - 2 scrolls of silence
 C - 2 scrolls of poison
 G - 2 scrolls of identify
 K - a scroll of butterflies
Potions
 c - 3 potions of resistance
 g - 3 potions of degeneration
 k - 4 potions of curing
 l - 2 potions of invisibility
 r - 5 potions of brilliance
 w - 2 potions of ambrosia
 z - 3 potions of mutation
 H - a potion of cancellation {unknown}


   Skills:
 - Level 1.2 Fighting
 - Level 0.1 Short Blades
 - Level 5.0 Maces & Flails
 + Level 4.4 Ranged Weapons
 - Level 5.1 Armour
 - Level 7.0 Dodging
 - Level 2.8 Stealth
 - Level 0.1 Shields
 - Level 9.3 Spellcasting
 - Level 9.3 Conjurations
 - Level 9.3 Hexes
 - Level 9.3 Summonings
 - Level 9.3 Necromancy
 - Level 9.3 Translocations
 - Level 9.3 Fire Magic
 - Level 9.3 Ice Magic
 - Level 9.3 Air Magic
 - Level 9.3 Earth Magic
 - Level 9.3 Alchemy
 - Level 1.6 Evocations


You knew the following spells:

 Your Spells              Type           Power      Damage    Failure   Level
a - Summon Small Mammal   Summ           100%       N/A       1%          1
b - Call Imp              Summ           100%       N/A       1%          2
c - Call Canine Familiar  Summ           57%        N/A       1%          3
d - Summon Blazeheart Go  Fire/Summ      57%        N/A       3%          4
e - Summon Lightning Spi  Summ/Air       57%        N/A       3%          4
f - Sting                 Conj/Alch      100%       1d9       1%          1
g - Mercury Vapours       Alch/Air       100%       N/A       1%          2
h - Teleport Other        Tloc           57%        N/A       1%          3
i - Frozen Ramparts       Ice            100%       1d16      1%          3
j - Vhi's Electric Charg  Tloc/Air       100%       N/A       3%          4
Your spell library was empty.

Dungeon Overview and Level Annotations

Branches:
Dungeon (9/15)             Temple (1/1) D:4          Bailey (visited)
   Lair: D:8-11         Orc: D:9-12

Altars:
Ashenzari
Cheibriados
Dithmenos
Fedhas
Gozag
Hepliaklqana
Makhleb
Nemelex Xobeh
Okawaru
Qazlal
Ru
Trog
Uskayaw
Xom
Yredelemnul
The Shining One

Shops:
D:3 (


Innate Abilities, Weirdness & Mutations

You are immune to sickness and miasma.
You are immune to poison.
Your flesh is very heat resistant. (rF++)
You are vulnerable to cold. (rC-)
You float through the air rather than walking.
You learn spells naturally, not from books.
Your magical power is your life essence.
You have superior vitality. (+4 MHP)


Message History

The yak is almost dead.
The yak gores you! The yak gores you but does no damage.
Okay, then.
You shoot an arrow. The arrow hits the yak.
The arrow burns the yak.
You kill the yak!
Makhleb accepts your kill.
You feel better.
Dithmenos calls forth shadows to punish you.
A shadow demon and 4 shadows come into view.
Casting: Call Canine Familiar (safe; 1% risk of failure)
Press: ? - help, Q - select action, (/) - cycle Dir - look around, f - activate You call for your canine familiar and it appears with a howl!
Casting: Call Canine Familiar (safe; 1% risk of failure)
Confirm with . or Enter, or press ? or * to list all spells.
A tiny devil pulls itself out of the air.
The shadow closely misses you. The shadow hits you.
The shadow demon completely misses you.
The shadow slips into darkness.
The shadow flickers and vanishes!
Deactivating autopickup; reactivate with Ctrl-A.
Your inugami closely misses the shadow.
As you read the scroll of teleportation, it crumbles to dust.
You feel strangely unstable.
Your cerulean imp hits the shadow demon but does no damage.
The shadow hits you!
The shadow slips into darkness.
The shadow flickers and vanishes!
The shadow demon hits you. The shadow hits you.
Your inugami hits the shadow but does no damage.
The shadow strikes at you from the darkness!
Reactivating autopickup.
You shoot an arrow. The shadow misses you. The shadow demon hits you!
* * * LOW HITPOINT WARNING * * *
The shadow hits you.
Your cerulean imp hits the shadow demon but does no damage.
Your inugami closely misses the shadow.
The shadow strikes at you from the darkness!
* * * LOW HITPOINT WARNING * * *
The shadow hits you.
You die...

...##....###.
....#........
....'........
#####........
#............
.............
............. #######
.......######+###W....#
#####..#.......W@W....#
#..#.......W25....#
#..#......h.......#
#..#........#'#####
#..####'#####........
#................#+##
#......#########.#
#####......# .+
...........# #


You could see a shadow demon (ally target), 4 shadows, a friendly cerulean imp
(summoned) and a friendly inugami (summoned).

Vanquished Creatures
  A yak (D:9)
  A water moccasin (D:7)
  3 centaurs
  2 ogres
  2 kobold brigands
  A phantom (D:6)
  2 bullfrogs
  2 scorpions
  3 wights (D:8)
  4 wolf zombies (Bailey)
  2 bombardier beetles
  3 hounds
  2 jellies
  3 orc priests
  2 iguanas
  An orc wizard (D:5)
  6 adders
  9 orc zombies (Bailey)
  An ufetubus (D:6)
  A dart slug (D:5)
  6 orcs
  2 endoplasms (D:2)
  A giant cockroach (D:2)
  5 goblins
  4 hobgoblins
  A jackal (D:1)
  3 ball pythons
  4 bats
  A frilled lizard (D:2)
  12 kobolds
  2 rats
92 creatures vanquished.

Vanquished Creatures (collateral kills)
  Pikel (D:6)
  A gargoyle (Bailey)
  Jeremiah (D:6)
  Sigmund (D:3)
  6 yaks (D:9)
  Eustachio (D:5)
  A vampire (Bailey)
  A steam dragon (D:7)
  Edmund (D:5)
  A water moccasin (D:6)
  3 ice beasts (D:6)
  A sky beast (D:7)
  An ogre (D:5)
  3 lemures (D:6)
  A phantom (D:7)
  A gnoll sergeant (D:7)
  A scorpion (D:7)
  5 wights (D:8)
  3 killer bees (D:8)
  2 nameless horrors (D:5)
  10 vampire bats (Bailey)
  2 howler monkeys (D:8)
  A hound (D:5)
  A bombardier beetle (D:5)
  3 orc priests
  Ijyb (D:3)
  Terence (D:3)
  2 orc wizards
  2 adders
  3 gnolls (D:7)
  A white imp (D:5)
  3 ufetubi
  A ribbon worm (D:4)
  14 orcs
  An endoplasm (D:1)
  3 goblins (D:1)
  2 hobgoblins
  A jackal (D:1)
  A quokka (D:5)
  2 ball pythons
  5 bats
  A frilled lizard (D:1)
  2 kobolds (D:6)
  9 orc zombies (Bailey)
  4 rats
112 creatures vanquished.

Grand Total: 204 creatures vanquished

Notes
Turn   | Place    | Note
-------+----------+-------------------------------------------
     0 | D:1      | SmokeWeed the Djinni Summoner began the quest for the Orb.
     0 | D:1      | SmokeWeed set off with the following spells memorised:
                  | Summon Small Mammal, Call Imp, Call Canine Familiar, Summon
                  | Blazeheart Golem, Summon Lightning Spire.
     0 | D:1      | Reached XP level 1. HP: 15/15 MP: 0/0
   129 | D:1      | Reached XP level 2. HP: 18/21 MP: 0/0
   921 | D:2      | Reached XP level 3. HP: 23/25 MP: 0/0
   921 | D:2      | Learned a level 1 spell: Sting
   934 | D:2      | Identified the +3 whip of Xom's Fury {heavy, rC+ Will+}
  1306 | D:2      | Reached XP level 4. HP: 31/31 MP: 0/0
  1319 | D:2      | Found a broken altar of Ashenzari.
  1977 | D:3      | Noticed Sigmund
  1990 | D:3      | Killed Sigmund
  1991 | D:3      | Reached skill level 1 in Maces & Flails
  1991 | D:3      | Reached XP level 5. HP: 28/36 MP: 0/0
  1991 | D:3      | Learned a level 2 spell: Mercury Vapours
  1991 | D:3      | Reached XP level 6. HP: 32/41 MP: 0/0
  2283 | D:3      | Noticed Ijyb
  2284 | D:3      | Paralysed by Ijyb for 3 turns
  2293 | D:3      | Killed Ijyb
  2409 | D:3      | Noticed Terence
  2431 | D:3      | Killed Terence
  2440 | D:3      | Found Edyfasch's Weapon Shop.
  2926 | D:4      | Reached skill level 1 in Fighting
  2926 | D:4      | Reached skill level 1 in Ranged Weapons
  2940 | D:4      | Reached XP level 7. HP: 20/47 MP: 0/0
  2940 | D:4      | Learned a level 3 spell: Teleport Other
  3163 | D:4      | Found a blossoming altar of Fedhas.
  3201 | D:4      | Reached skill level 5 in Spellcasting
  3201 | D:4      | Reached skill level 5 in Conjurations
  3201 | D:4      | Reached skill level 5 in Hexes
  3201 | D:4      | Reached skill level 5 in Summonings
  3201 | D:4      | Reached skill level 5 in Necromancy
  3201 | D:4      | Reached skill level 5 in Translocations
  3201 | D:4      | Reached skill level 5 in Fire Magic
  3201 | D:4      | Reached skill level 5 in Ice Magic
  3201 | D:4      | Reached skill level 5 in Air Magic
  3201 | D:4      | Reached skill level 5 in Earth Magic
  3201 | D:4      | Reached skill level 5 in Alchemy
  3210 | D:4      | HP: 2/47 [adder (2)]
  3628 | D:4      | Found a stormy altar of Qazlal.
  3677 | D:4      | Found a staircase to the Ecumenical Temple.
  3780 | Temple   | Entered the Ecumenical Temple
  3832 | Temple   | Became a worshipper of Dithmenos the Shadowed
  3876 | D:5      | Entered Level 5 of the Dungeon
  3876 | D:5      | Noticed Edmund
  3889 | D:5      | Killed Edmund
  4136 | D:5      | Reached XP level 8. HP: 49/52 MP: 0/0
  4262 | D:5      | Found a hazy altar of Hepliaklqana.
  4262 | D:5      | Found a basalt altar of Yredelemnul.
  4288 | D:5      | Noticed Eustachio
  4299 | D:5      | Killed Eustachio
  5125 | D:6      | Identified the +4 ring mail of Addedaan {Harm}
  5148 | D:6      | Reached skill level 1 in Armour
  5148 | D:6      | Reached skill level 5 in Dodging
  5207 | D:6      | Noticed Pikel
  5234 | D:6      | Killed Pikel
  5235 | D:6      | Reached XP level 9. HP: 50/57 MP: 0/0
  5235 | D:6      | Learned a level 3 spell: Frozen Ramparts
  5307 | D:6      | Found a burning altar of Makhleb.
  5423 | D:6      | Reached * piety under Dithmenos
  5429 | D:6      | Noticed Jeremiah
  5461 | D:6      | Killed Jeremiah
  6314 | D:6      | Fell from the grace of Dithmenos
  6314 | D:6      | Became a worshipper of Makhleb the Destroyer
  6439 | D:7      | Reached XP level 10. HP: 50/62 MP: 0/0
  6656 | D:7      | Found a flagged portal.
  6668 | Bailey   | Entered a bailey
  6869 | Bailey   | Noticed a gargoyle
  6886 | Bailey   | Killed a gargoyle
  6927 | Bailey   | Reached * piety under Makhleb
  7159 | Bailey   | Noticed a shadow demon
  7388 | D:7      | Noticed a centaur warrior
  7388 | D:7      | Noticed an ogre mage
  7388 | D:7      | Noticed a two-headed ogre
  7388 | D:7      | Noticed a two-headed ogre
  7388 | D:7      | Noticed a two-headed ogre
  7408 | D:7      | Reached skill level 1 in Evocations
  7416 | D:7      | Found a broken altar of Ashenzari.
  7789 | D:8      | Found a bloodstained altar of Trog.
  7907 | D:8      | Reached ** piety under Makhleb
  8064 | D:8      | Reached skill level 5 in Armour
  8105 | D:8      | Reached skill level 5 in Maces & Flails
  8361 | D:8      | Noticed an efreet
  8361 | D:8      | Noticed a centaur warrior
  8957 | D:8      | Reached XP level 11. HP: 67/67 MP: 0/0
  8957 | D:8      | Learned a level 4 spell: Vhi's Electric Charge
  9128 | D:9      | Noticed a shadow demon
  9131 | D:9      | HP: 2/67 [something (14)]
  9131 | D:9      | Slain by a shadow

Illustrated notes

Levels and vault maps discovered:
D:1:      dpeg_arrival_shelter, layout_loops_ring, serial_glass,
          glass_columns_a, glass_columns_b, glass_columns_a
D:2:      minmay_skewed_foursquare, layout_loops_corners, basic_altar,
          serial_forest, infiniplex_forest_clump_curved,
          infiniplex_forest_clump_double, infiniplex_forest_clump_tiny,
          infiniplex_forest_clump_small
D:3:      layout_basic, serial_shops, shop, lightli_corner_chamber, uniq_ijyb,
          uniq_terence, uniq_sigmund
D:4:      layout_cave_pools, mainiacjoe_overflow_cross_hatched,
          mainiacjoe_overflow_alcove_1, kennysheep_little_box,
          minmay_temple_entry_glassed_door
D:5:      layout_loops_ring, nicolae_overflow_crystal_walls,
          gammafunk_temple_overflow_elements, uniq_eustachio, uniq_edmund
D:6:      layout_loops_ring, lightli_temple_of_fire, uniq_pikel, uniq_jeremiah
D:7:      layout_basic, zin_treasury, mainiacjoe_overflow_tiny_flanked,
          nzn_wu_jian_contemplation, nicolae_elyvilon_peaceful_grove,
          enter_bailey_2
D:8:      layout_loops_cross, mainiacjoe_overflow_surrounded_room
D:9:      layout_irregular_city, lair_entry_dummy
Temple:   hellmonk_temple_rainy

Skill      XL: |  1  2  3  4  5  6  7  8  9 10 11 |
---------------+----------------------------------+-----
Dodging        | 3 4 5 6 7 |  7.0
Stealth        | 2 |  2.8
Maces & Flails | 1 2 4 5 |  5.0
Spellcasting   | 4 5 6 7 9 |  9.3
Conjurations   | 4 5 6 7 9 |  9.3
Hexes          | 4 5 6 7 9 |  9.3
Summonings     | 4 5 6 7 9 |  9.3
Necromancy     | 4 5 6 7 9 |  9.3
Translocations | 4 5 6 7 9 |  9.3
Fire Magic     | 4 5 6 7 9 |  9.3
Ice Magic      | 4 5 6 7 9 |  9.3
Air Magic      | 4 5 6 7 9 |  9.3
Earth Magic    | 4 5 6 7 9 |  9.3
Alchemy        | 4 5 6 7 9 |  9.3
Fighting       | 1 |  1.2
Ranged Weapons | 1 4 |  4.4
Armour         | 2 3 5 |  5.1
Evocations     | 1 |  1.6
Short Blades   | |  0.1
Shields        | |  0.1

Action                     |  1- 3 |  4- 6 |  7- 9 | 10-12 || total
---------------------------+-------+-------+-------+-------++-------
  Melee: Unarmed           |     4 |       |       |       ||     4
         Dagger            |    11 |       |       |       ||    11
         Punch             |     1 |     1 |     7 |     6 ||    15
         Whip              |    22 |    13 |   114 |   104 ||   253
   Fire: Orcbow            |       |    22 |    10 |    13 ||    45
   Cast: Summon Small Mamm |    28 |     7 |     2 |    10 ||    47
         Call Imp          |     7 |     5 |    17 |    14 ||    43
         Call Canine Famil |       |    10 |    16 |    16 ||    42
         Sting             |       |    11 |     8 |     9 ||    28
         Summon Lightning  |       |       |    13 |    12 ||    25
         Summon Blazeheart |       |       |     1 |     1 ||     2
         Frozen Ramparts   |       |       |     4 |     4 ||     8
  Evoke: Wand              |       |       |     2 |    14 ||    16
    Use: Scroll            |       |    11 |    10 |     3 ||    24
         Potion            |       |       |     1 |       ||     1
   Stab: Sleeping          |     1 |     2 |     2 |       ||     5
         Paralysed         |       |       |     1 |       ||     1
         Distracted        |       |       |     2 |       ||     2
 Armour: Robe              |    37 |    16 |    23 |     3 ||    79
         Leather armour    |       |       |    84 |     2 ||    86
         Ring mail         |       |       |       |   157 ||   157
  Dodge: Dodged            |    46 |    17 |   126 |   162 ||   351
  Block: Tower shield      |    24 |       |       |       ||    24

Table legend: (Time is in decaauts)
 A = Elapsed time spent in this place.
 B = Non-inter-level travel time spent in this place.
 C = Inter-level travel time spent in this place.
 D = Time resting spent in this place.
 E = Time spent auto-exploring this place.
 F = Levels seen in this place.
 G = Mean time per level.
                   A        B        C        D        E       F      G
               +--------+--------+--------+--------+--------+-----+--------+
         Total |   9264 |   8987 |    277 |    903 |   5586 |  11 |  842.2 |
       Dungeon |   8685 |   8408 |    277 |    903 |   5416 |   9 |  965.0 |
        Temple |     64 |     64 |      0 |      0 |      0 |   1 |   64.0 |
        Bailey |    514 |    514 |      0 |      0 |    170 |   1 |  514.0 |
               +--------+--------+--------+--------+--------+-----+--------+

Top non-repeatable levels by time:
     D:6: 1274 daAuts
     D:5: 1248 daAuts
     D:2: 1173 daAuts
     D:8: 1144 daAuts
     D:4: 967 daAuts
     D:3: 895 daAuts
     D:7: 893 daAuts
     D:1: 826 daAuts
  Bailey: 514 daAuts
     D:9: 261 daAuts
  Temple: 64 daAuts
